 Dungeon Crawl Stone Soup version 0.29.0-4-gdea44cf6ec (webtiles) character file.

Game seed: 7450725778892691342

2545 Kordrann the Carver (level 9, -7/70 HPs)
             Began as a Minotaur Fighter on Aug 27, 2022.
             Was a Believer of Qazlal.
             Killed from afar by a steam dragon (17 damage)
             ... with a ball of steam
             ... on level 7 of the Dungeon.
             The game lasted 00:28:08 (6639 turns).

Kordrann the Carver (Minotaur Fighter)              Turns: 6639, Time: 00:28:09

Health: -7/70      AC:  0    Str: 29    XL:     9   Next: 30%
Magic:  8/8        EV: 19    Int:  4    God:    Qazlal [**....]
Gold:   1197       SH:  2    Dex: 14    Spells: 8/8 levels left

rFire   . . .      SeeInvis .   (weapon currently unavailable)
rCold   . . .      Faith    .   (shield currently unavailable)
rNeg    . . .      Spirit   .   (body armour currently unavailable)
rPois   .          Reflect  .   (helmet currently unavailable)
rElec   .          Harm     .   (cloak currently unavailable)
rCorr   .          Rampage  .   (gloves currently unavailable)
Will    .....                   (boots currently unavailable)
Stlth   ++........              (no amulet)
HPRegen 0.21/turn               (ring currently unavailable)
MPRegen 0.11/turn               (ring currently unavailable)

@: bat-form, flying, very quick
A: fast, flying, no casting, tiny, (horns 2), (retaliatory headbutt), (talons
1), (deformed body), frail 1, strong 1
a: Renounce Religion, Upheaval


You were on level 7 of the Dungeon.
You worshipped Qazlal.
Qazlal was pleased with you.
You were a bat.
You visited 1 branch of the dungeon, and saw 7 of its levels.

You collected 1197 gold pieces.

Inventory:

Hand Weapons
 a - a +0 long sword
 q - a +2 falchion of holy wrath (melded)
 r - a +0 shortbow
 y - a +2 dire flail of draining
 B - a +2 whip of flaming
Missiles
 h - 6 poisoned darts (quivered)
Armour
 b - a +1 scale mail
 c - a +0 buckler (melded)
 g - a +0 leather armour
 l - a +0 chain mail
 s - a +1 pair of boots (melded)
 C - a +0 plate armour (melded)
 D - a +2 robe of fire resistance
Jewellery
 e - a +4 ring of protection (melded)
 f - a ring of resist corrosion
 j - a +6 ring of intelligence
 m - a +6 ring of dexterity
 n - a +4 ring of evasion (melded)
Wands
 d - a wand of flame (24)
 p - a wand of digging (8)
 t - a wand of light (7)
 v - a wand of mindburst (2)
Scrolls
 i - 6 scrolls of identify
 k - a scroll of enchant armour
 o - 2 scrolls of teleportation
 x - 2 scrolls of summoning
Potions
 z - 2 potions of brilliance
Miscellaneous
 u - a phantom mirror


   Skills:
 + Level 6.7 Fighting
 + Level 10.2 Long Blades
 + Level 8.3 Armour
 + Level 2.2 Dodging
 + Level 1.3 Stealth
 + Level 6.6 Shields


You had 8 spell levels left.
You didn't know any spells.
Your spell library contained the following spells:

 Spells                   Type           Power      Damage    Failure   Level
 Apportation              Tloc           0%         N/A       50%         1
 Magic Dart               Conj           0%         1d3       50%         1
 Necrotise                Necr           0%         1d4       50%         1
 Blink                    Tloc           0%         N/A       65%         2
 Searing Ray              Conj           0%         2d4       65%         2
 Lesser Beckoning         Tloc           0%         N/A       86%         3
 Vampiric Draining        Necr           0%         2d6       86%         3
 Fulminant Prism          Conj/Hex       0%         3d6       99%         4
 Agony                    Necr           0%         N/A       100%        5
 Alistair's Intoxication  Tmut/Pois      0%         N/A       100%        5
 Manifold Assault         Tloc           0%         N/A       100%        5


Dungeon Overview and Level Annotations

Branches:
Dungeon (7/15)             Temple (0/1) D:4

Altars:
Qazlal
Uskayaw
Vehumet
Wu Jian

Shops:
D:4 *   D:6 !

Annotations:
D:7 Joseph


Innate Abilities, Weirdness & Mutations

You are a bat.
You are tiny and dextrous.
You move quickly.
You are flying.
Your equipment is almost entirely melded.
You are incapable of wielding weapons or throwing items.
You cannot cast spells.
((You have a pair of horns on your head.))
((You reflexively headbutt those who attack you in melee.))
((You have sharp toenails.))
((Armour fits poorly on your strangely shaped body.))
You are frail. (-10% HP)
Your muscles are strong. (Str +4, Int/Dex -1)


Message History

The bullfrog dies!
You block the steam dragon's attack. The steam dragon barely misses you.
You closely miss Joseph.
Joseph is lightly wounded.
Joseph hits you with a +0 quarterstaff!
* * * LOW HITPOINT WARNING * * *
The steam dragon breathes steam at you. The ball of steam hits you.
* * * LOW HITPOINT WARNING * * *
You feel better. You block Joseph's attack.
The steam dragon completely misses you. You block the steam dragon's attack.
You hit Joseph.
Joseph is lightly wounded.
Joseph misses you.
You slash Joseph! You headbutt Joseph, but do no damage.
Joseph is moderately wounded.
The steam dragon bites you but does no damage.
The steam dragon claws you.
* * * LOW HITPOINT WARNING * * *
Joseph is engulfed in a cloud of scalding steam.
Joseph zaps a wand.
You turn into a bat.
Your +2 falchion of holy wrath melds into your body.
Your +1 pair of boots melds into your body.
Your +0 buckler melds into your body.
Your +0 plate armour melds into your body.
Your +4 ring of protection melds into your body.
Your +4 ring of evasion melds into your body.
Your +2 falchion of holy wrath stops glowing.
The now-empty wand crumbles to dust.
Found a stone staircase leading up.
Joseph is engulfed in a cloud of scalding steam.
Joseph unwields a +0 quarterstaff.
Joseph wields a +0 sling.
Joseph shoots a sling bullet.
The sling bullet closely misses you.
Joseph is engulfed in a cloud of scalding steam.
Joseph shoots a sling bullet.
The sling bullet completely misses you. The steam dragon breathes steam at you.
The ball of steam misses you. The steam dragon breathes steam at you.
The ball of steam hits you!
You die...

.......## #.#
.......##..##
##..#.#...)...
...##.....#
......#...##
...).##....######
.....#.....§§§..###
........#.#.#§#.#.##
§........@D..†§§b..#
§.......#.#<#.#.#.##
#.......@..........#
.....†#.#.#.#.#.#.##
....)..............#
........#.#.#.#.#.##
.#.................#
..#####.#.#.#.#.#.##
.. #.............#


There were no monsters in sight!

Vanquished Creatures
  Pikel (D:7)
  Prince Ribbit (D:6)
  The ghost of BuzzyBeetle the Covert, an amateur KoBr (D:4)
  Edmund (D:5)
  2 water moccasins (D:4)
  An orc warrior (D:6)
  A black bear (D:6)
  A centaur (D:6)
  3 lemures (D:7)
  2 phantoms
  2 necrophages
  2 scorpions
  A wyvern zombie (D:7)
  A wight (D:7)
  An electric eel (D:6)
  A howler monkey (D:4)
  A gnoll bouda (D:6)
  An orc priest (D:6)
  2 iguanas
  3 orc wizards
  Robin (D:2)
  7 gnolls
  13 adders
  A shadow imp (D:3)
  6 white imps
  4 worms
  3 dart slugs
  8 orcs
  5 endoplasms
  5 giant cockroaches
  13 goblins
  7 hobgoblins
  4 jackals (D:1)
  2 quokkas
  14 ball pythons
  2 bats
  A frilled lizard (D:3)
  5 kobolds
  2 rats
132 creatures vanquished.

Vanquished Creatures (others)
  A bullfrog (D:7)
  An orc (D:7)
  2 withered plants (D:7)
4 creatures vanquished.

Grand Total: 136 creatures vanquished

Notes
Turn   | Place    | Note
-------+----------+-------------------------------------------
     0 | D:1      | Kordrann the Minotaur Fighter began the quest for the Orb.
     0 | D:1      | Reached XP level 1. HP: 19/19 MP: 0/0
    46 | D:1      | Gained mutation: Your muscles are strong. (Str +4, Int/Dex
                  | -1) [potion of mutation]
    46 | D:1      | Gained mutation: You have hidden genetic defects. [potion
                  | of mutation]
    46 | D:1      | Gained mutation: You have sharp toenails. [potion of
                  | mutation]
    72 | D:1      | Gained mutation: Armour fits poorly on your strangely
                  | shaped body. [hidden defects]
   233 | D:1      | Reached XP level 2. HP: 22/27 MP: 1/1
   242 | D:1      | Gained mutation: You are frail. (-10% HP) [hidden defects]
   242 | D:1      | Lost mutation: You have hidden genetic defects. [hidden
                  | defects expressed]
   256 | D:1      | Found a faded altar of an unknown god.
   260 | D:1      | Prayed at the altar of an unknown god.
   260 | D:1      | Became a worshipper of Vehumet
   260 | D:1      | Reached * piety under Vehumet
   260 | D:1      | Offered knowledge of Foxfire by Vehumet.
   639 | D:2      | Noticed Robin
   657 | D:2      | Reached XP level 3. HP: 17/29 MP: 2/2
   669 | D:2      | Killed Robin
   670 | D:2      | Reached skill level 3 in Long Blades
   850 | D:2      | Offered knowledge of Freeze by Vehumet.
   934 | D:2      | Reached ** piety under Vehumet
  1339 | D:2      | Reached XP level 4. HP: 36/36 MP: 3/3
  1640 | D:3      | Reached skill level 4 in Long Blades
  1709 | D:3      | Found a hide-covered altar of Uskayaw.
  1905 | D:3      | Reached XP level 5. HP: 37/41 MP: 4/4
  1936 | D:3      | Found a stormy altar of Qazlal.
  1941 | D:3      | Fell from the grace of Vehumet
  1941 | D:3      | Became a worshipper of Qazlal Stormbringer
  1972 | D:3      | Found an ornate altar of the Wu Jian Council.
  2162 | D:4      | Reached skill level 5 in Long Blades
  2434 | D:4      | Found a runed translucent gate.
  2434 | D:4      | Found a runed translucent gate.
  2461 | D:4      | Found a runed translucent gate.
  2466 | D:4      | Noticed BuzzyBeetle's ghost (amateur KoBr)
  2482 | D:4      | Killed BuzzyBeetle's ghost
  2483 | D:4      | Reached skill level 5 in Armour
  2483 | D:4      | Reached skill level 1 in Dodging
  2483 | D:4      | Reached skill level 1 in Stealth
  2483 | D:4      | Reached XP level 6. HP: 30/49 MP: 5/5
  2602 | D:4      | Found a staircase to the Ecumenical Temple.
  2829 | D:4      | Found Rody's Serpentskin Sales.
  2829 | D:4      | Noticed a water moccasin
  2829 | D:4      | Noticed a water moccasin
  2844 | D:4      | Killed a water moccasin
  2845 | D:4      | Reached skill level 5 in Fighting
  2845 | D:4      | Reached skill level 6 in Long Blades
  2845 | D:4      | Reached XP level 7. HP: 18/54 MP: 6/6
  2855 | D:4      | Reached skill level 5 in Shields
  3560 | D:5      | Entered Level 5 of the Dungeon
  3647 | D:5      | Reached * piety under Qazlal
  4070 | D:5      | Noticed Edmund
  4086 | D:5      | Killed Edmund
  4087 | D:5      | Reached skill level 7 in Long Blades
  4220 | D:6      | Found Wauliveze's Distillery.
  4287 | D:6      | Reached XP level 8. HP: 28/63 MP: 7/7
  4607 | D:6      | Noticed Prince Ribbit
  4617 | D:6      | Killed Prince Ribbit
  4618 | D:6      | Reached skill level 8 in Long Blades
  5712 | D:6      | Reached ** piety under Qazlal
  5965 | D:6      | Reached skill level 9 in Long Blades
  6499 | D:7      | Noticed Pikel
  6525 | D:7      | Killed Pikel
  6526 | D:7      | Reached XP level 9. HP: 57/70 MP: 8/8
  6532 | D:7      | Identified a scroll of acquirement
  6532 | D:7      | Acquired 838 gold pieces
  6560 | D:7      | Noticed Joseph
  6561 | D:7      | Reached skill level 10 in Long Blades
  6595 | D:7      | HP: 1/70 [Joseph/sling bullet (20)]
  6639 | D:7      | Killed from afar by a steam dragon

Illustrated notes

Levels and vault maps discovered:
D:1:      heliophobic_arrival_enchanted_forest, layout_rooms,
          shapermc_ecumenical_altar_petra
D:2:      layout_basic, uniq_robin
D:3:      layout_rooms, nicolae_wu_jian_immortal_techniques,
          mainiacjoe_overflow_small_starburst, marbit_many_paths
D:4:      layout_basic, minmay_temple_entry_slanted, ebering_ghost_rock_garden,
          kennysheep_path_1, guppyfry_shop_venom
D:5:      layout_rooms, uniq_edmund
D:6:      layout_loops_cross, serial_shops, nicolae_stop_n_shop_1,
          portal_sewer_entry_b, minivault_4, kennysheep_opposing_triangles,
          uniq_prince_ribbit1
D:7:      gammafunk_steamed_eel, layout_cave_pools, serial_undead,
          serial_undead_c, serial_undead_f, serial_undead_d, serial_undead_f,
          st_stairs_10, uniq_menkaure, uniq_crazy_yiuf_cottage, uniq_pikel,
          uniq_joseph, uniq_duvessa

Skill      XL: |  1  2  3  4  5  6  7  8  9 |
---------------+----------------------------+-----
Fighting       | 4 5 6 |  6.7
Shields        | 4 5 6 |  6.6
Armour         | 4 5 6 8 |  8.3
Long Blades    | 3 4 5 6 7 9 10 | 10.2
Dodging        | 1 2 |  2.2
Stealth        | 1 |  1.3

Action                   |  1- 3 |  4- 6 |  7- 9 || total
-------------------------+-------+-------+-------++-------
Melee: Long sword        |    72 |    79 |       ||   151
       Kick              |    14 |    18 |       ||    32
       Headbutt          |     9 |    19 |    45 ||    73
       Falchion          |       |    39 |   258 ||   297
  Use: Scroll            |     6 |     1 |     5 ||    12
       Potion            |     4 |     4 |     8 ||    16
Armor: Scale mail        |    43 |    43 |    19 ||   105
       Plate armour      |       |       |    55 ||    55
Dodge: Dodged            |    42 |    40 |   138 ||   220
Block: Buckler           |    21 |    27 |    78 ||   126
       Other             |       |       |     2 ||     2
